 Dungeon Crawl Stone Soup version 0.18-a0-912-g81d1dc4 (webtiles) character file.

2009 George the Basher (level 9, -3/52 HPs)
             Began as a Gargoyle Fighter on Dec 25, 2015.
             Was a Follower of Okawaru.
             Slain by a troll (11 damage)
             ... on level 7 of the Dungeon.
             The game lasted 00:17:22 (7124 turns).

George the Basher (Gargoyle Fighter)                Turns: 7124, Time: 00:17:23

Health: -3/52      AC: 18    Str: 19    XL:     9   Next: 22%
Magic:  9/11       EV:  8    Int: 10    God:    Okawaru [*.....]
Gold:   338        SH: 11    Dex: 12    Spells: 1 memorised, 7 levels left

rFire  . . .     SeeInvis .     a - +1 flail
rCold  . . .     Gourm    .     g - +0 chain mail
rNeg   + + .     Faith    .     c - +0 shield
rPois  ∞         Spirit   .     C - +0 helmet
rElec  +         Dismiss  .     (no cloak)
rCorr  .         Reflect  .     (no gloves)
SustAt .         Harm     .     (no boots)
MR     .....                    D - amulet of rage
Stlth  ..........               (no ring)
                                F - ring of positive energy

@: heroism, not resistant to hostile enchantments, extremely unstealthy
A: negative energy resistance 1, electricity resistance, unbreathing,
petrification resistance, rot immunity, AC +5
a: Heroism, Renounce Religion, Evoke Berserk Rage


You were on level 7 of the Dungeon.
You worshipped Okawaru.
Okawaru was aware of your devotion.
You were not hungry.

You visited 2 branches of the dungeon, and saw 8 of its levels.
You also visited: Sewer.

You collected 338 gold pieces.

Inventory:

Hand Weapons
 a - a +1 flail (weapon)
Missiles
 h - 2 throwing nets (quivered)
Armour
 c - a +0 shield (worn)
 g - a +0 chain mail (worn)
 C - a +0 helmet (worn)
Jewellery
 D - an amulet of rage (around neck)
 F - a ring of positive energy (left hand)
Wands
 M - a wand of disintegration (0/24)
Scrolls
 o - a scroll of recharging
 q - a scroll of amnesia
 u - 5 scrolls of teleportation
 y - 5 scrolls of remove curse
 z - a scroll of magic mapping
 B - 4 scrolls of fear
 H - 3 scrolls of identify
Potions
 i - 2 potions of heal wounds
 k - 2 potions of haste
 v - 5 potions of curing
 I - a potion of might
 K - a potion of agility
 L - 2 potions of magic
Comestibles
 f - 6 bread rations
 l - 3 meat rations
 p - 2 fruits
 E - 4 beef jerkies
 N - 4 chunks of flesh
 O - 7 slices of pizza


   Skills:
 + Level 4.4(9.4) Fighting
 + Level 10.5(15.5) Maces & Flails
 + Level 4.3(9.3) Armour
 + Level 4.4(9.4) Shields
 + Level 2.9 Invocations


You had 7 spell levels left.
You knew the following spells:

 Your Spells              Type           Power        Failure   Level  Hunger
a - Summon Butterflies    Summ           #.......     100%        1    ##.....


Dungeon Overview and Level Annotations

Branches:
Dungeon (7/15)             Temple (1/1) D:6

Altars:
Ashenzari
Cheibriados
Dithmenos
Elyvilon
Gozag
Makhleb
Nemelex Xobeh
Okawaru
Pakellas
Qazlal
Sif Muna
Trog
Vehumet
Xom
Yredelemnul
Zin
The Shining One


Innate Abilities, Weirdness & Mutations

You are resistant to torment.
Your stone body is resilient (AC +5).
You are immune to poison.
You resist negative energy.
You are resistant to electric shocks.
You can survive without breathing.
You are immune to petrification.
You are immune to rotting.


Message History

The troll claws you.
* * * LOW HITPOINT WARNING * * *
Found a stone staircase leading up.
You gain the combat prowess of a mighty hero.
You feel slightly more hungry. The troll bites you but does no damage.
The troll closely misses you. The troll claws you but does no damage.
You closely miss the troll.
The troll is moderately wounded.
You hit the troll.
The troll is heavily wounded.
The troll bites you but does no damage. The troll claws you but does no damage.
The troll claws you but does no damage.
You sock the troll!
The troll is severely wounded.
You block the troll's attack. The troll claws you but does no damage.
The troll barely misses you.
You hit the troll.
The troll is severely wounded.
The troll bites you!
You die...

#########.......##.#
...........##....#.#
........##.##.......
....>...##.##...#..##
........##...........
................##....
.........#..######.###
............######..
########....T@...#
#....#[#####..#
###.####.# ...
#...####.#####....<
#...##...........#
.....## #......#######
...# #......#..#..# ..
#..)...#..#..# .
######.#..'..#


You could see a troll.

Vanquished Creatures
  The ghost of Duffy the Grappler, a novice TrFi (D:4)
  Grinder (D:6)
  A yak (D:7)
  A human (D:7)
  A sky beast (D:6)
  2 ogres
  A centaur (D:6)
  2 big kobolds (Sewer)
  A giant frog (D:6)
  A scorpion (D:4)
  2 crimson imps
  2 orc wizards (D:6)
  An iguana (Temple)
  An orc priest (D:6)
  Ijyb (D:3)
  A worker ant (D:4)
  A killer bee zombie (D:6)
  3 sheep (D:7)
  7 gnolls
  12 adders
  A river rat (Sewer)
  A shadow imp (D:6)
  3 oozes (Sewer)
  An adder zombie (D:7)
  3 adder skeletons
  2 worms
  4 giant geckos
  7 orcs
  7 bats
  12 hobgoblins
  6 jackals
  3 ball pythons (Sewer)
  2 giant cockroaches (D:5)
  A giant cockroach zombie (D:5)
  5 giant newts
  9 goblins
  16 kobolds
  A quokka (D:2)
  A quokka zombie (D:5)
  7 rats
135 creatures vanquished.

Vanquished Creatures (others)
  4 toadstools (D:1)
4 creatures vanquished.

Grand Total: 139 creatures vanquished

Notes
Turn   | Place    | Note
--------------------------------------------------------------
     0 | D:1      | George the Gargoyle Fighter began the quest for the Orb.
     0 | D:1      | Reached XP level 1. HP: 14/14 MP: 1/1
   291 | D:1      | Reached XP level 2. HP: 4/19 MP: 2/2
   761 | D:1      | Reached XP level 3. HP: 23/23 MP: 3/3
  1132 | D:2      | Reached skill level 4 in Maces & Flails
  1279 | D:2      | Reached XP level 4. HP: 28/28 MP: 4/4
  1984 | D:3      | Found a glowing drain.
  1993 | Sewer    | Entered a sewer
  2005 | Sewer    | Reached skill level 5 in Maces & Flails
  2005 | Sewer    | Reached XP level 5. HP: 29/32 MP: 5/5
  2231 | Sewer    | Reached skill level 6 in Maces & Flails
  2236 | Sewer    | Reached XP level 6. HP: 33/37 MP: 6/6
  2545 | D:3      | Learned a level 1 spell: Summon Butterflies
  2548 | D:3      | Noticed Ijyb
  2560 | D:3      | Killed Ijyb
  2975 | D:4      | Reached skill level 7 in Maces & Flails
  3043 | D:4      | Reached XP level 7. HP: 35/41 MP: 7/7
  3130 | D:4      | Found a sparkling altar of Nemelex Xobeh.
  3383 | D:4      | Noticed Duffy's ghost (novice TrFi)
  3915 | D:4      | Killed Duffy's ghost
  3915 | D:4      | Reached skill level 9 in Maces & Flails
  4208 | D:4      | Reached XP level 8. HP: 46/46 MP: 8/8
  4243 | D:5      | Entered Level 5 of the Dungeon
  4264 | D:5      | Found a glowing golden altar of the Shining One.
  4316 | D:5      | Found a radiant altar of Vehumet.
  4339 | D:5      | Found a bloodstained altar of Trog.
  4611 | D:5      | You fall through a shaft!
  4853 | D:5      | Found a white marble altar of Elyvilon.
  5345 | D:6      | Reached skill level 10 in Maces & Flails
  5591 | D:6      | Found a staircase to the Ecumenical Temple.
  5593 | D:6      | Noticed Grinder
  5600 | Temple   | Entered the Ecumenical Temple
  5662 | Temple   | Became a worshipper of Warmaster Okawaru
  6076 | D:6      | Paralysed by Grinder for 6 turns
  6092 | D:6      | Paralysed by Grinder for 3 turns
  6099 | D:6      | Killed Grinder
  6099 | D:6      | Reached skill level 1 in Invocations
  6290 | D:6      | Reached * piety under Okawaru
  6678 | D:6      | Reached XP level 9. HP: 46/52 MP: 10/10
  7124 | D:7      | Slain by a troll

Vault maps used:
D:1:      ldierk_walled_garden_2
D:2:      kennysheep_big_flooded_room
D:3:      first_bread, portal_sewer_entry_d, uniq_iyjb
D:4:      nemelex_deck
D:5:      kennysheep_mini, kennysheep_mini_moat, lemuel_crystal_altar,
          overflow_temple_1_default, serial_curves, eino_curves_01,
          eino_curves_04
D:6:      minmay_temple_entry_grid, uniq_grinder
D:7:      lemuel_ice_statue, serial_corexii_hall, corexii_hall_statues_x,
          corexii_hall_statues_deadend, corexii_hall_statues_l,
          corexii_hall_statues_u, corexii_hall_statues_s,
          corexii_hall_statues_x, grunt_livestock
Temple:   hc_temple_tempest_star
Sewer:    sewer_co_15_rooms

Action                   |  1- 3 |  4- 6 |  7- 9 || total
-------------------------+-------+-------+-------++-------
Melee: Flail             |   138 |   267 |   291 ||   696
Invok: Heroism           |       |       |     1 ||     1
Evoke: Wand              |       |       |     3 ||     3
  Use: Scroll            |     4 |     7 |     5 ||    16
       Potion            |       |     3 |     1 ||     4
  Eat: Chunk             |     1 |     7 |    10 ||    18
       Bread ration      |       |       |     1 ||     1
